 Dungeon Crawl Stone Soup version 0.29-a0-219-g0a02b1cf4f (webtiles) character file.

Game seed: 7179666392497993748

21 Hubjo the Sneak (level 2, -2/21 HPs)
             Began as a Vampire Enchanter on Feb 26, 2022.
             Was a Believer of Lugonu.
             Killed from afar by Sigmund (9 damage)
             ... with a puff of flame
             ... on level 2 of the Dungeon.
             The game lasted 00:01:30 (1059 turns).

Hubjo the Sneak (Vampire Enchanter)                 Turns: 1059, Time: 00:01:31

Health: -2/21      AC:  2    Str:  7    XL:     2   Next: 62%
Magic:  4/5        EV: 12    Int: 17    God:    Lugonu [**....]
Gold:   50         SH:  0    Dex: 14    Spells: 5/5 levels left

rFire   . . .      SeeInvis +   a - +1 dagger
rCold   + . .      Faith    .   (no shield)
rNeg    . . .      Spirit   .   b - +0 robe
rPois   .          Reflect  .   (no helmet)
rElec   .          Harm     .   (no cloak)
rCorr   .          Rampage  .   (no gloves)
Will    .....                   (no boots)
Stlth   +++.......              (no amulet)
HPRegen 0.27/turn               d - ring of protection from cold
MPRegen 0.09/turn               (no ring)

@: healing quickly
A: alive, fangs 3, see invisible, vampiric 1
a: Exsanguinate, Renounce Religion, Depart the Abyss, Bend Space


You were on level 2 of the Dungeon.
You worshipped Lugonu.
Lugonu was pleased with you.
You visited 1 branch of the dungeon, and saw 2 of its levels.

You collected 50 gold pieces.

Inventory:

Hand Weapons
 a - a +1 dagger (weapon)
Armour
 b - a +0 robe (worn)
Jewellery
 d - a ring of protection from cold (left hand)
Scrolls
 e - a scroll of identify {unknown}
 f - a scroll of vulnerability {unknown}
Potions
 c - a potion of invisibility


   Skills:
 * Level 1.0 Fighting
 + Level 1.3 Short Blades
 + Level 2.4 Dodging
 * Level 5.0 Stealth
 - Level 2.0 Spellcasting
 + Level 4.6 Hexes


You had 5 spell levels left.
You didn't know any spells.
Your spell library contained the following spells:

 Spells                   Type           Power      Damage    Failure   Level
 Confusing Touch          Hex            17%        N/A       9%          3
 Tukima's Dance           Hex            17%        N/A       9%          3
 Ensorcelled Hibernation  Hex/Ice        18%        N/A       12%         2
 Dazzling Flash           Conj/Hex       18%        N/A       22%         3


Dungeon Overview and Level Annotations

Branches:
Dungeon (2/15)

Altars:
Lugonu

Annotations:
D:2 Sigmund


Innate Abilities, Weirdness & Mutations

Your natural rate of healing is accelerated.
You have razor-sharp teeth.
You have supernaturally acute eyesight. (SInv)
You are afflicted with vampirism.


Message History

A hobgoblin is nearby!
The helpless hobgoblin fails to defend itself.
You impale the hobgoblin!!
You kill the hobgoblin!
Lugonu accepts your kill.
No target in view!
You now have 50 gold pieces (gained 5).
A frilled lizard comes into view.
A frilled lizard is nearby!
A frilled lizard is nearby!
A frilled lizard is nearby!
The helpless frilled lizard fails to defend itself.
You impale the frilled lizard!!
You kill the frilled lizard!
Lugonu accepts your kill.
No target in view!
No target in view!
No target in view!
Sigmund the Dreaded comes into view.
He is wielding a +0 scythe.
Found a stone staircase leading up.
Sigmund is nearby!
Sigmund is nearby!
The helpless Sigmund fails to defend himself.
You impale Sigmund!! You bite Sigmund, but do no damage.
Sigmund is severely wounded.
Sigmund hits you but does no damage.
You barely miss Sigmund. Your bite misses Sigmund.
Sigmund is severely wounded.
Sigmund closely misses you.
You closely miss Sigmund.
Sigmund is severely wounded.
You closely miss Sigmund.
Sigmund is severely wounded.
Sigmund hits you with a +0 scythe!
Ouch! That really hurt!
You are too injured to fight recklessly!
Space bends around you!
You blink.
Sigmund gestures at you while chanting. The puff of flame hits you!
You die...

#..................
#.##.##.#......#.#
#.##.##.#...†..#
#.##....#.######
#.##.##.#.#
#.##.##.#.#
#.........#
##.#§.....#
#.#@..@..#
#.#.#..#.#
##.<.#.....
#.####.##.. #.# .#
## #.. # ###


You could see Sigmund.

Vanquished Creatures
  A dart slug (D:1)
  5 ball pythons (D:1)
  4 bats (D:1)
  A goblin (D:1)
  3 hobgoblins
  2 frilled lizards
  2 kobolds (D:1)
  2 rats (D:1)
20 creatures vanquished.

Notes
Turn   | Place    | Note
-------+----------+-------------------------------------------
     0 | D:1      | Hubjo the Vampire Enchanter began the quest for the Orb.
     0 | D:1      | Reached XP level 1. HP: 13/13 MP: 3/3
    22 | D:1      | Found a faded altar of an unknown god.
    34 | D:1      | Prayed at the altar of an unknown god.
    34 | D:1      | Became a worshipper of Lugonu the Unformed
    34 | D:1      | Reached * piety under Lugonu
    34 | D:1      | Reached ** piety under Lugonu
   160 | D:1      | Reached XP level 2. HP: 20/20 MP: 5/5
   654 | D:1      | Reached skill level 1 in Fighting
   926 | D:1      | Reached skill level 5 in Stealth
  1053 | D:2      | Noticed Sigmund
  1059 | D:2      | Killed from afar by Sigmund

Illustrated notes

Levels and vault maps discovered:
D:1:      saegor_arrival_simple_b, layout_basic, basic_ecumenical_altar
D:2:      layout_loops_cross, minmay_split_cup_small, uniq_sigmund

Skill      XL: |  1  2 |
---------------+-------+-----
Fighting       | 1 |  1.0
Stealth        | 5 |  5.0
Short Blades   | |  1.3
Dodging        | |  2.4
Spellcasting   | |  2.0
Hexes          | |  4.6

Action                   || total
-------------------------++-------
Melee: Dagger            ||    52
       Bite              ||     5
Invok: Bend Space        ||     1
 Stab: Sleeping          ||    10
Armor: Robe              ||    12
Dodge: Dodged            ||    32

Table legend: (Time is in decaauts)
 A = Elapsed time spent in this place.
 B = Non-inter-level travel time spent in this place.
 C = Inter-level travel time spent in this place.
 D = Time resting spent in this place.
 E = Time spent auto-exploring this place.
 F = Levels seen in this place.
 G = Mean time per level.
                   A        B        C        D        E       F      G
               +--------+--------+--------+--------+--------+-----+--------+
         Total |   1055 |   1009 |     46 |      0 |    838 |   2 |  527.5 |
       Dungeon |   1055 |   1009 |     46 |      0 |    838 |   2 |  527.5 |
               +--------+--------+--------+--------+--------+-----+--------+

Top non-repeatable levels by time:
     D:1: 996 daAuts
     D:2: 59 daAuts
